Construct Section Command Post
Construct Field Infirmary
Construct Field Infirmary
Selects Air and Sea Battlegroup
Selects Commando Section Paradrop
Selects Commando Support Section Paradrop
Selects Commando Section Paradrop
Selects Commando Support Section Paradrop
Commando Section Paradrop
Construct Platoon Command Post
6-pounder Anti-tank Gun Team
Construct Company Command Post
Selects Centaur Medium Tank
6-pounder Anti-tank Gun Team